 Dungeon Crawl Stone Soup version 0.26-a0-660-gc07710193c (webtiles) character file.

Game seed: 18356342400542761375

12961 ringo67 the Martial Artist (level 12, -10/103 HPs)
             Began as an Octopode Transmuter on Oct 5, 2020.
             Was a Priest of Ru.
             Mangled by a komodo dragon (29 damage)
             ... on level 1 of the Lair of Beasts.
             The game lasted 00:36:28 (19434 turns).

ringo67 the Martial Artist (Octopode Transmuter)   Turns: 19434, Time: 00:36:29

Health: -10/103    AC:  6    Str: 13    XL:     12   Next: 1%
Magic:  12/15      EV: 17    Int: 15    God:    Ru [***...]
Gold:   458        SH:  0    Dex: 14    Spells: 4/15 levels left

rFire    x . .     SeeInvis +     - Unarmed
rCold    + + +     Faith    .   (shield currently unavailable)
rNeg     . . .     Spirit   .   (helmet currently unavailable)
rPois    +         Reflect  .   q - amulet of the acrobat
rElec    .         Harm     .   p - +4 ring of evasion
rCorr    +         Rampage  .   t - ring of protection from cold
MR       .....                  x - ring of resist corrosion
Stlth    ++........             D - ring of see invisible
HPRegen  0.27/turn              E - ring of stealth
MPRegen  0.14/turn              (no ring)
                                (no ring)
                                (no ring)

@: lethally poisoned (-10 -> -11), ice-form, hasted, very quick
A: large, almost no armour, stealthy swim, amphibious, 8 rings, (constrict 8),
inability to use devices, hated by all
a: End Transformation, Draw Out Power, Renounce Religion


You were on level 1 of the Lair of Beasts.
You worshipped Ru.
Ru was most pleased with you.
You were a creature of crystalline ice.
You visited 4 branches of the dungeon, and saw 15 of its levels.
You also visited: Sewer.

You collected 608 gold pieces.
You spent 150 gold pieces at shops.

Inventory:

Missiles
 o - 33 poisoned darts (quivered)
Armour
 k - a +2 hat (melded)
Jewellery
 c - an uncursed amulet of magic regeneration {unknown}
 p - a +4 ring of evasion (left front paw)
 q - an amulet of the acrobat (around neck)
 r - an uncursed ring of ice
 t - a ring of protection from cold (right front paw)
 x - a ring of resist corrosion (on tentacle)
 D - a ring of see invisible (on tentacle)
 E - a ring of stealth (on tentacle)
 G - an uncursed amulet of faith {unknown}
Scrolls
 f - 3 scrolls of magic mapping
 g - 3 scrolls of remove curse
 j - a scroll of enchant armour
 m - 4 scrolls of amnesia
 s - a scroll of immolation
 u - 3 scrolls of teleportation
 B - a scroll of enchant weapon
Potions
 a - 7 potions of curing
 b - a potion of ambrosia {unknown}
 d - 4 potions of berserk rage
 h - 2 potions of cancellation {unknown}
 i - 2 potions of magic {unknown}
 l - 3 potions of lignification {unknown}
 n - a potion of degeneration {unknown}
 z - 5 potions of flight
 A - 4 potions of might
 C - 3 potions of stabbing


   Skills:
 + Level 9.4 Fighting
 + Level 5.5 Dodging
 + Level 12.2 Unarmed Combat
 - Level 2.0 Spellcasting
 - Level 8.0 Transmutations
 - Level 6.4 Ice Magic


You had 4 spell levels left.
You knew the following spells:

 Your Spells              Type           Power        Failure   Level
a - Beastly Appendage     Tmut           ####..       1%          1
b - Ice Form              Ice/Tmut       ###.....     12%         4
c - Spider Form           Tmut/Pois      ##........   13%         3
d - Frozen Ramparts       Ice            ###...       4%          3

Your spell library contained the following spells:

 Spells                   Type           Power        Failure   Level
 Freeze                   Ice            ###.         1%          1
 Wereblood                Tmut           ####....     1%          2
 Ozocubu's Armour         Ice            ###.....     4%          3
 Pain                     Necr           #...         22%         1
 Petrify                  Tmut/Erth      ##......     38%         4
 Hailstorm                Conj/Ice       ##......     52%         4
 Confusing Touch          Hex            #.......     54%         3
 Gell's Gravitas          Tloc           #.........   54%         3
 Vampiric Draining        Necr           #.........   54%         3
 Blade Hands              Tmut           ####......   22%         5
 Yara's Violent Unravell  Hex/Tmut       ##........   75%         5
 Metabolic Englaciation   Hex/Ice        ##........   86%         5
 Agony                    Necr           #.......     99%         5
 Animate Skeleton         Necr           Unusable     N/A         1
 Summon Ice Beast         Ice/Summ       Unusable     N/A         4
 Animate Dead             Necr           Unusable     N/A         4

Dungeon Overview and Level Annotations

Branches:
Dungeon (11/15)            Temple (1/1) D:6            Lair (2/6) D:11
    Orc (1/2) D:9           Sewer (visited)
  Swamp: Lair:2-4    Shoals: Lair:2-4     Snake: Lair:2-4    Spider: Lair:2-4

Altars:
Ashenzari
Cheibriados
Dithmenos
Elyvilon
Fedhas
Gozag
Hepliaklqana
Kikubaaqudgha
Makhleb
Okawaru
Ru
Sif Muna
Trog
Vehumet
Wu Jian
Xom
Yredelemnul
Zin
The Shining One

Shops:
D:7 *   D:10 !

Portals:
Trove: D:10 (give 7 scrolls of blinking)


Innate Abilities, Weirdness & Mutations

You cannot wear most types of armour.
You are very stealthy in the water. (Stealth+)
You are amphibious.
You can wear up to eight rings at the same time.
((You can use your tentacles to constrict eight enemies at once.))
((Your skin changes colour to match your surroundings (Stealth+).))
((Your rubbery body absorbs attacks. (AC +1, EV +1)))
You cannot study or use magical devices.
You are hated by all.


Message History

You hit the komodo dragon but do no damage.
You feel sick. The komodo dragon bites you!!
You punch the komodo dragon!
The komodo dragon seems to slow down.
You freeze the komodo dragon.
The komodo dragon is lightly wounded.
You feel sick.
You barely miss the komodo dragon.
The komodo dragon is lightly wounded.
The komodo dragon bites you!
* * * LOW HITPOINT WARNING * * *
You feel yourself speed up.
You feel sick.
You hit the komodo dragon but do no damage.
The komodo dragon is lightly wounded.
The komodo dragon misses you.
You hit the komodo dragon. You freeze the komodo dragon.
The komodo dragon is moderately wounded.
You hit the komodo dragon but do no damage.
The komodo dragon is moderately wounded.
You feel sick. The komodo dragon bites you!!
You die...

...............#
.......(.......##
........>......P#
...............#
...............#
...............#
...............##
...............l##
................Y#
##............>###
##.............#
##............#
##...........##
#...........##
#..#.......##
#P.####...P# ##.#
#....##


You could see a komodo dragon (slow).

Vanquished Creatures
  Gastronok (D:8)
  A hydra (Lair:1)
  Erica (D:8)
  A two-headed ogre (D:9)
  A death yak (D:10)
  2 orc knights (D:9)
  A cane toad (Lair:1)
  A rime drake (Lair:2)
  A komodo dragon (Lair:1)
  3 blink frogs (Lair:1)
  Prince Ribbit (D:8)
  A spriggan (shapeshifter) (D:10)
  A wraith (D:9)
  2 wyverns
  A basilisk (Lair:1)
  2 steam dragons
  Edmund (D:6)
  A soldier ant (D:10)
  2 water moccasins (Lair:1)
  2 ice beasts
  A phantom (D:10)
  9 orc warriors
  3 sky beasts
  A necrophage (D:8)
  6 ogres
  2 centaurs
  An elf zombie (D:8)
  2 big kobolds
  12 bullfrogs
  A water moccasin zombie (D:8)
  4 scorpions
  2 wights (D:8)
  A howler monkey (D:8)
  2 centaur zombies
  A bullfrog zombie (D:7)
  2 quasits
  4 jellies
  5 human zombies (D:8)
  An orc priest (D:9)
  2 hounds
  A bullfrog skeleton (D:4)
  2 centaur skeletons
  4 iguanas
  A human skeleton (D:8)
  7 orc wizards
  6 worker ants
  A killer bee zombie (D:7)
  A hound zombie (D:5)
  A howler monkey zombie (D:6)
  A worker ant zombie (D:10)
  4 river rats
  20 adders
  2 white imps
  2 oozes
  3 adder zombies
  3 adder skeletons
  2 worms (D:6)
  2 dart slugs
  4 leopard geckos
  26 orcs
  10 giant cockroaches
  6 goblins
  8 hobgoblins
  12 jackals
  9 kobolds
  5 quokkas
  A ball python (D:3)
  4 bats
  5 frilled lizards
  An orc skeleton (D:8)
  An orc zombie (D:8)
  2 quokka skeletons
  11 rats
257 creatures vanquished.

Vanquished Creatures (others)
  Grinder (D:6)
  An ogre (D:9)
  2 fungi (Lair:1)
  16 plants (Lair:1)
20 creatures vanquished.

Grand Total: 277 creatures vanquished

Notes
Turn   | Place    | Note
-------+----------+-------------------------------------------
     0 | D:1      | ringo67 the Octopode Transmuter began the quest for the
                  | Orb.
     0 | D:1      | Reached XP level 1. HP: 13/13 MP: 3/3
   524 | D:1      | Reached XP level 2. HP: 18/18 MP: 5/5
  1507 | D:2      | Reached XP level 3. HP: 19/23 MP: 6/6
  2221 | D:3      | Found a basalt altar of Yredelemnul.
  2228 | D:3      | Reached skill level 4 in Unarmed Combat
  2228 | D:3      | Reached XP level 4. HP: 29/29 MP: 7/7
  3029 | D:3      | Found a hazy altar of Hepliaklqana.
  3763 | D:4      | Reached XP level 5. HP: 35/35 MP: 6/8
  4126 | D:4      | Found a bloodstained altar of Trog.
  4223 | D:4      | Reached skill level 5 in Unarmed Combat
  4223 | D:4      | Reached XP level 6. HP: 35/41 MP: 9/9
  4267 | D:4      | Found a shadowy altar of Dithmenos.
  4762 | D:5      | Entered Level 5 of the Dungeon
  5259 | D:5      | Noticed an ice beast
  5273 | D:5      | Learned a level 4 spell: Ice Form
  5434 | D:5      | Reached skill level 1 in Ice Magic
  5434 | D:5      | Reached XP level 7. HP: 46/46 MP: 10/10
  5515 | D:5      | Found an ancient bone altar of Kikubaaqudgha.
  5727 | D:6      | Noticed a manticore
  5727 | D:6      | Noticed a basilisk
  5734 | D:6      | Found a glowing drain.
  5742 | D:6      | Reached skill level 6 in Unarmed Combat
  5803 | Sewer    | Entered a sewer
  5995 | Sewer    | Found a white marble altar of Elyvilon.
  6351 | D:6      | Found a snail-covered altar of Cheibriados.
  6379 | D:6      | Reached XP level 8. HP: 54/54 MP: 11/11
  6411 | D:6      | Found a white marble altar of Elyvilon.
  6433 | D:6      | Noticed Grinder
  6446 | D:6      | Found a staircase to the Ecumenical Temple.
  6451 | Temple   | Entered the Ecumenical Temple
  6459 | Temple   | Became a worshipper of Ru the Awakened
  6773 | D:6      | Noticed Edmund
  6785 | D:6      | Killed Edmund
  6785 | D:6      | Reached skill level 7 in Unarmed Combat
  7053 | D:6      | You fall into a shaft and drop 3 floors!
  7221 | D:9      | Noticed Gastronok
  7255 | D:8      | Reached skill level 5 in Transmutations
  7600 | D:8      | Noticed a wyvern
  7618 | D:8      | Killed a wyvern
  7618 | D:8      | Reached skill level 5 in Fighting
  7769 | D:8      | Reached skill level 8 in Unarmed Combat
  7856 | D:6      | Reached XP level 9. HP: 56/61 MP: 12/12
  8790 | D:7      | Learned a level 3 spell: Spider Form
  8826 | D:7      | Gained mutation: You are hated by all. [Ru sacrifice]
  8826 | D:7      | Reached * piety under Ru
  9020 | D:7      | Found Fakocw's Assorted Antiques.
  9028 | D:7      | Bought a knobbly ruby ring for 150 gold pieces
  9035 | D:7      | Found a burning altar of Makhleb.
  9051 | D:7      | Noticed an Executioner
  9052 | D:7      | Found a glowing silver altar of Zin.
  9053 | D:7      | Noticed an angel
  9760 | D:8      | Found an iron altar of Okawaru.
  9785 | D:8      | Noticed Prince Ribbit
  9802 | D:8      | Killed Prince Ribbit
  9802 | D:8      | Reached skill level 9 in Unarmed Combat
  9822 | D:8      | Noticed Erica
 10513 | D:8      | Killed Erica
 10513 | D:8      | Reached XP level 10. HP: 69/69 MP: 10/13
 10660 | D:8      | Found a broken altar of Ashenzari.
 10930 | D:8      | Reached skill level 5 in Ice Magic
 11046 | D:8      | Found a basalt altar of Yredelemnul.
 11130 | D:8      | Reached skill level 10 in Unarmed Combat
 11819 | D:9      | Noticed a two-headed ogre
 12219 | D:8      | Killed Gastronok
 12630 | D:9      | Killed a two-headed ogre
 12630 | D:9      | Reached skill level 11 in Unarmed Combat
 12630 | D:9      | Reached XP level 11. HP: 41/76 MP: 2/14
 13389 | D:9      | Found a staircase to the Orcish Mines.
 13585 | D:10     | Entered Level 10 of the Dungeon
 13763 | D:10     | Gained mutation: You cannot study or use magical devices.
                  | [Ru sacrifice]
 13763 | D:10     | Reached ** piety under Ru
 13763 | D:10     | Reached *** piety under Ru
 13980 | D:10     | Learned a level 3 spell: Frozen Ramparts
 14026 | D:10     | Found a portal to a secret trove of treasure.
 14353 | D:10     | Found Mophur's Distillery.
 14834 | D:11     | Noticed a death yak
 14835 | D:11     | Noticed a death yak
 14902 | D:11     | Noticed a purple ugly thing
 14902 | D:11     | Noticed a boulder beetle
 14922 | D:11     | Noticed a death yak
 15128 | Orc:1    | Entered Level 1 of the Orcish Mines
 15128 | Orc:1    | Noticed an orc high priest
 15128 | Orc:1    | Noticed an orc knight
 15170 | D:9      | Killed an orc knight
 15268 | Orc:1    | Noticed an orc knight
 16737 | D:9      | Killed an orc knight
 16998 | D:6      | Paralysed by Grinder for 6 turns
 17009 | D:6      | Paralysed by Grinder for 7 turns
 17016 | D:6      | Killed Grinder
 17313 | D:6      | Found a radiant altar of Vehumet.
 17496 | D:10     | Killed a death yak
 17774 | D:11     | Found a staircase to the Lair.
 17787 | D:11     | Noticed a manticore
 17801 | Lair:1   | Entered Level 1 of the Lair of Beasts
 18007 | Lair:1   | Reached skill level 12 in Unarmed Combat
 18127 | Lair:1   | Reached skill level 5 in Dodging
 18296 | Lair:1   | Noticed a six-headed hydra
 18718 | Lair:1   | Killed a six-headed hydra
 19426 | Lair:1   | Reached XP level 12. HP: 86/86 MP: 11/15
 19434 | Lair:1   | Mangled by a komodo dragon

Illustrated notes

Levels and vault maps discovered:
D:1:      minmay_arrival_wavy_path, layout_basic, minmay_misc_feat_rugged,
          minivault_27
D:2:      layout_rooms, minivault_5, minmay_pentomino_p2
D:3:      layout_basic, nicolae_overflow_crystal_walls, old_standard_altar
D:4:      layout_loops_cross, nicolae_dithmenos_through_a_glass_darkly,
          bloody_trog
D:5:      layout_rooms, kiku_gazebo_pond_becter
D:6:      layout_basic, lemuel_coloured_pillars_altar, cheibrodos_worm_habitat,
          elyvilon_altar_1, minmay_temple_entry_ruins, gup_sewer_entry_glass,
          lightli_corner_chamber, uniq_grinder, uniq_edmund
D:7:      layout_loops_cross, grunt_temple_overflow_order_and_chaos_2,
          serial_shops, shop
D:8:      layout_cave_pools, okawaru_metal_pillars_3, evilmike_ruin_ashenzari,
          grunt_decor_mini_mirrors, lemuel_mausoleum_altar_yredelemnul,
          uniq_erica, uniq_prince_ribbit1
D:9:      cheibrodos_barr_body, layout_long_grid, orc_0_dummy, uniq_gastronok
D:10:     layout_long_grid, serial_shops, shop, enter_trove_1
D:11:     layout_cave_pools, dpeg_lair_monsters, serial_shops,
          nicolae_shop_crystal
Temple:   eino_temple_lava
Lair:1:   layout_layer_cave, serial_bayou_shore_b, serial_bayou_shore_a
Lair:2:   layout_roguey, infiniplex_staircase_pool_2
Orc:1:    layout_caves, serial_shops, shop_fountains, nicolae_shop_statue_plus,
          minmay_orc_treasury

Skill      XL: |  1  2  3  4  5  6  7  8  9 10 11 |
---------------+----------------------------------+-----
Unarmed Combat | 4 5 6 8 9 11 12 | 12.2
Fighting       | 2 3 4 5 6 7 9 |  9.4
Transmutations | 3 4 5 6 7 8 |  8.0
Ice Magic      | 1 2 3 4 6 |  6.4
Dodging        | 5 |  5.5
Spellcasting   | |  2.0

Action                   |  1- 3 |  4- 6 |  7- 9 | 10-12 || total
-------------------------+-------+-------+-------+-------++-------
Melee: Unarmed           |    82 |       |   104 |   376 ||   562
       Constrict         |    25 |    31 |    36 |    27 ||   119
       Tentacles         |    10 |    25 |    38 |    32 ||   105
       Punch             |     1 |     4 |     7 |    12 ||    24
       Dagger            |     3 |   116 |   129 |       ||   248
       Kick              |     2 |     4 |    11 |       ||    17
Throw: Dart              |       |    14 |    16 |    35 ||    65
 Cast: Beastly Appendage |     2 |     6 |     4 |       ||    12
       Ice Form          |       |       |     5 |    28 ||    33
       Spider Form       |       |       |     2 |    14 ||    16
Invok: Sacrifice Love    |       |       |     1 |       ||     1
       Sacrifice Artific |       |       |       |     1 ||     1
  Use: Scroll            |       |       |     5 |    12 ||    17
       Potion            |       |       |     1 |     5 ||     6
 Stab: Sleeping          |     5 |     4 |     6 |    10 ||    25
       Distracted        |       |       |     1 |       ||     1
       Invisible         |       |       |       |     1 ||     1
Armor: Skin              |     6 |     6 |    19 |    25 ||    56
Dodge: Dodged            |    48 |    67 |   152 |   246 ||   513

Table legend: (Time is in decaauts)
 A = Elapsed time spent in this place.
 B = Non-inter-level travel time spent in this place.
 C = Inter-level travel time spent in this place.
 D = Time resting spent in this place.
 E = Time spent auto-exploring this place.
 F = Levels seen in this place.
 G = Mean time per level.
                   A        B        C        D        E       F      G
               +--------+--------+--------+--------+--------+-----+--------+
         Total |  19377 |  18793 |    584 |   8521 |   6450 |  16 | 1211.1 |
       Dungeon |  17496 |  16919 |    577 |   7579 |   5995 |  11 | 1590.5 |
        Temple |     16 |      9 |      7 |      0 |      0 |   1 |   16.0 |
          Lair |   1623 |   1623 |      0 |    865 |    389 |   2 |  811.5 |
  Orcish Mines |     10 |     10 |      0 |      0 |      0 |   1 |   10.0 |
         Sewer |    229 |    229 |      0 |     77 |     66 |   1 |  229.0 |
               +--------+--------+--------+--------+--------+-----+--------+

Top non-repeatable levels by time:
     D:9: 2988 daAuts
     D:8: 2795 daAuts
     D:6: 2159 daAuts
     D:7: 1630 daAuts
     D:3: 1537 daAuts
     D:1: 1498 daAuts
    D:10: 1369 daAuts
  Lair:1: 1289 daAuts
     D:5: 1275 daAuts
     D:4: 1017 daAuts
     D:2: 701 daAuts
    D:11: 523 daAuts
  Lair:2: 334 daAuts
   Sewer: 229 daAuts
  Temple: 16 daAuts
